 Dungeon Crawl Stone Soup version 0.31.0-32-g396128a36d (webtiles) character file.

Game seed: 4905329226110399515

249 airrhodes1 the Charlatan (level 6, 0/44 HPs)
             Began as a Human Artificer on Mar 19, 2024.
             Slain by a gnoll
             ... wielding a +0 club
             ... led by a gnoll bouda
              (6 damage)
             ... on level 4 of the Dungeon.
             The game lasted 00:09:55 (3060 turns).

airrhodes1 the Charlatan (Human Artificer)          Turns: 3060, Time: 00:09:56

Health: 0/44       AC:  4    Str: 14    XL:     6   Next: 12%
Magic:  6/6        EV: 12    Int: 12    God:
Gold:   185        SH:  0    Dex: 14    Spells: 5/5 levels left

rFire   . . .        y - +2 short sword (elec)
rCold   . . .        (no shield)
rNeg    . . .        p - +1 toga "Victory" {*Victory Int+1 Slay+1 Clar}
rPois   .            q - +0 helmet
rElec   .            (no cloak)
rCorr   .            (no gloves)
SInv    .            (no boots)
Will    .....        (no amulet)
Stlth   ++           (no ring)
HPRegen 0.27/turn    (no ring)
MPRegen 0.10/turn

%: clarity
@: weakened
A: explore regen
a: no special abilities


You were on level 4 of the Dungeon.
You visited 1 branch of the dungeon, and saw 4 of its levels.

You collected 185 gold pieces.

Inventory:

Hand Weapons
 a - a +0 club
 g - a +2 short sword of holy wrath
 i - a +0 whip
 k - a +0 halberd
 o - a +0 sling
 y - a +2 short sword of electrocution (weapon)
 A - a +1 short sword of protection
Armour
 b - a +0 leather armour
 h - a +0 chain mail
 p - the +1 toga "Victory" (worn) {*Victory Int+1 Slay+1 Clar}
   (You found it on level 2 of the Dungeon)

   *Victory:  When the wearer kills a threatening monster, it has a chance to
   gain +1 AC, +1 Slay, and +1 Int, capping at +7.
   When the wearer uses a scroll or a potion with a hostile monster in sight,
   its bonuses reset to +0.
   Unequipping it also resets its bonuses to +0.
   Int+1:     It affects your intelligence (+1).
   Slay+1:    It affects your accuracy & damage with ranged weapons and melee
   (+1).
   Clar:      It protects you from confusion, rage, mesmerisation and fear.
 q - a +0 helmet (worn)
 s - a +2 ring mail of cold resistance
Jewellery
 C - an amulet of magic regeneration
Wands
 c - a wand of flame (11)
 d - a wand of charming (11) (quivered)
 e - a wand of iceblast (4)
 B - a wand of paralysis (11)
Scrolls
 f - 3 scrolls of vulnerability {unknown}
 l - a scroll of poison {unknown}
 n - a scroll of teleportation {unknown}
 r - 2 scrolls of identify {unknown}
 z - a scroll of amnesia {unknown}
Potions
 j - 2 potions of brilliance {unknown}
 m - 3 potions of curing {unknown}
 t - 2 potions of magic
 u - a potion of might {unknown}
 v - a potion of mutation {unknown}
 w - a potion of degeneration {unknown}
 x - 2 potions of resistance {unknown}


   Skills:
 + Level 2.2 Fighting
 + Level 1.7 Short Blades
 * Level 2.6 Maces & Flails
 + Level 1.1 Polearms
 + Level 2.5 Ranged Weapons
 + Level 2.4 Armour
 + Level 2.1 Dodging
 - Level 1.0 Stealth
 - Level 3.0 Evocations


You had 5 spell levels left.
You didn't know any spells.
Your spell library contained the following spells:

 Spells                   Type           Power      Damage    Failure   Level
 Ensorcelled Hibernation  Hex/Ice        0%         N/A       45%         2
 Passwall                 Erth           0%         N/A       69%         3
 Swiftness                Air            0%         N/A       69%         3
 Alistair's Intoxication  Alch           0%         N/A       100%        5
 Borgnjor's Vile Clutch   Necr/Erth      0%         N/A       100%        5
 Eringya's Noxious Bog    Alch           0%         4d6       100%        6


Dungeon Overview and Level Annotations

Branches:
Dungeon (4/15)
 Temple: D:4-7

Altars:
Qazlal
Trog
Zin

Annotations:
D:4 exclusion: 2 doors


Innate Abilities, Weirdness & Mutations

You regain HP and MP as you explore.


Message History

The gnoll bouda is heavily wounded.
You hit the gnoll bouda but do no damage.
The gnoll bouda is heavily wounded.
The gnoll bouda gazes fiercely through you!
You feel your attacks grow feeble. The gnoll bouda barely misses you.
You hit the gnoll bouda.
The gnoll bouda is severely wounded.
The gnoll bouda hits you with a +0 whip.
You hit the gnoll bouda but do no damage.
The gnoll bouda is severely wounded.
The gnoll bouda hits you with a +0 whip!
You completely miss the gnoll bouda.
The gnoll bouda is severely wounded.
The gnoll bouda hits you with a +0 whip.
You barely miss the gnoll bouda.
The gnoll bouda is severely wounded.
The gnoll bouda hits you with a +0 whip!
* * * LOW HITPOINT WARNING * * *
You closely miss the gnoll bouda.
The gnoll bouda is severely wounded.
The gnoll bouda gazes fiercely through you!
You feel as though you will be weak longer.
The gnoll bouda barely misses you.
You hit the gnoll bouda but do no damage.
Lightning courses through the gnoll bouda!
You kill the gnoll bouda!
You have reached level 6!
Unknown command.
You hit the gnoll.
The gnoll is moderately wounded.
The gnoll misses you.
You hit the gnoll.
The gnoll is severely wounded.
The gnoll hits you with a +0 club.
* * * LOW HITPOINT WARNING * * *
You hit the gnoll.
The gnoll is almost dead.
The gnoll hits you with a +0 club.
You die...

...........#.#......##.....##...#
...........#.#.#.##.##.....##...#
...........#.#.#....##....##....#
############.#.####.#####.##....#
#.#.####.#####.##....#
#.#.#..........##..... #.#
#.#..########..... #.# #g#...##
#..... #.# #@#.#gg## #..... #.#
###.#...## #.....
..#....######...
####.#...).##.... #.#.###.......
#g#.# ###.>... #.# # ##.... #)#
#.... ###.###.# #....


You could see a gnoll (swift).

Vanquished Creatures
  A sky beast (D:4)
  A gnoll bouda (D:4)
  An orc wizard (D:4)
  A gnoll (D:4)
  3 adders
  2 dart slugs
  11 orcs
  6 endoplasms
  5 goblins
  A hobgoblin (D:1)
  3 quokkas
  3 ball pythons
  5 bats
  A frilled lizard (D:3)
  2 kobolds
  5 rats
51 creatures vanquished.

Vanquished Creatures (collateral kills)
  A dart slug (D:4)
  A ribbon worm (D:4)
  An orc (D:4)
  A goblin (D:4)
4 creatures vanquished.

Vanquished Creatures (others)
  An orc wizard (D:3)
1 creature vanquished.

Grand Total: 56 creatures vanquished

Notes
Turn   | Place    | Note
-------+----------+-------------------------------------------
     0 | D:1      | airrhodes1 the Human Artificer began the quest for the Orb.
     0 | D:1      | Reached XP level 1. HP: 15/15 MP: 1/1
   292 | D:1      | Reached skill level 1 in Maces & Flails
   292 | D:1      | Reached XP level 2. HP: 12/21 MP: 2/2
   398 | D:1      | Found a faded altar of an unknown god.
   798 | D:2      | Found the +0 toga "Victory" {*Victory Clar}
  1367 | D:3      | Reached XP level 3. HP: 26/26 MP: 3/3
  1501 | D:3      | Reached skill level 1 in Polearms
  1681 | D:3      | HP: 1/39 [poisoned by an adder]
  2154 | D:3      | Reached skill level 1 in Ranged Weapons
  2154 | D:3      | Reached XP level 4. HP: 29/32 MP: 4/4
  2573 | D:4      | Noticed a scorpion
  2636 | D:4      | Found a glowing silver altar of Zin.
  2680 | D:4      | Found a stormy altar of Qazlal.
  2709 | D:4      | Noticed a sky beast
  2719 | D:4      | Killed a sky beast
  2720 | D:4      | Reached skill level 1 in Short Blades
  2720 | D:4      | Reached XP level 5. HP: 38/38 MP: 5/5
  2814 | D:4      | Found a bloodstained altar of Trog.
  3058 | D:4      | Reached XP level 6. HP: 9/44 MP: 6/6
  3060 | D:4      | Slain by a gnoll

Illustrated notes

Levels and vault maps discovered:
D:1:      lightli_arrival_isolated_outpost, layout_basic,
          shapermc_ecumenical_altar_mp_urbaneastern
D:2:      layout_loops_ring
D:3:      layout_loops_ring
D:4:      layout_basic, grunt_qazlal_clouds, lemuel_crystal_altar,
          mainiacjoe_overflow_cross_hatched, nicolae_nh_ransacked_shop,
          uniq_natasha

Skill      XL: |  1  2  3  4  5 |
---------------+----------------+-----
Maces & Flails | 1 2 |  2.6
Polearms       | 1 |  1.1
Ranged Weapons | 1 2 |  2.5
Short Blades   | 1 |  1.7
Fighting       | 2 |  2.2
Dodging        | 2 |  2.1
Armour         | |  2.4
Stealth        | |  1.0
Evocations     | |  3.0

Action                     |  1- 3 |  4- 6 || total
---------------------------+-------+-------++-------
  Melee: Short sword       |    42 |    93 ||   135
         Club              |     4 |       ||     4
         Halberd           |    40 |       ||    40
   Fire: Sling             |    39 |       ||    39
  Evoke: Wand              |     2 |     7 ||     9
    Use: Potion            |     2 |       ||     2
   Stab: Sleeping          |     1 |     2 ||     3
 Armour: Chain mail        |    23 |       ||    23
         Leather armour    |     4 |       ||     4
         Robe              |    32 |    69 ||   101
  Dodge: Dodged            |    70 |    53 ||   123
